 Dungeon Crawl Stone Soup version 0.26.0-18-gc5c842f807 (webtiles) character file.

Game seed: 16787309668035087597

3250 RedRedRas the Cleaver (level 9, -1/81 HPs)
             Began as a Minotaur Fighter on Jan 23, 2021.
             Slain by a wyvern (3 damage)
             ... while petrified by a basilisk
             ... on level 8 of the Dungeon.
             The game lasted 00:11:39 (7717 turns).

RedRedRas the Cleaver (Minotaur Fighter)            Turns: 7717, Time: 00:11:40

Health: -1/81      AC: 11    Str: 24    XL:     9   Next: 67%
Magic:  0/8        EV:  2    Int:  5    God:
Gold:   544        SH:  0    Dex: 10    Spells: 8/8 levels left

rFire    . . .     SeeInvis .   a - +0 war axe
rCold    . . .     Faith    .   c - +1 kite shield
rNeg     + + +     Spirit   +   p - +0 scale mail
rPois    ∞         Reflect  .   (helmet restricted)
rElec    .         Harm     .   (no cloak)
rCorr    +         Rampage  .   h - +2 pair of gloves
Will     .....                  (no boots)
Stlth    ..........             z - amulet of guardian spirit
HPRegen  0.23/turn              y - ring of resist corrosion
MPRegen  0.11/turn              (no ring)

@: petrified
A: retaliatory headbutt, horns 2
a: no special abilities


You were on level 8 of the Dungeon.
You visited 1 branch of the dungeon, and saw 8 of its levels.

You collected 544 gold pieces.

Inventory:

Hand Weapons
 a - a +0 war axe (weapon)
 b - a +1 whip of electrocution
 D - a +2 whip of venom
 G - a +0 hand crossbow
Missiles
 j - 7 atropa-tipped darts (quivered)
 s - 17 poisoned darts
 B - 9 javelins
 F - 8 curare-tipped darts
 L - a throwing net
Armour
 c - a +1 kite shield (worn)
 h - a +2 pair of gloves (worn)
 p - a +0 scale mail (worn)
 x - a +1 leather armour of poison resistance
Jewellery
 y - a ring of resist corrosion (left hand)
 z - an amulet of guardian spirit (around neck)
 J - an uncursed amulet of reflection
Wands
 q - a wand of paralysis (13)
 t - a wand of polymorph (5)
 M - a wand of random effects (8)
Scrolls
 e - 2 scrolls of enchant armour
 k - 3 scrolls of remove curse
 n - 6 scrolls of identify
 o - a scroll of amnesia
 r - a scroll of teleportation
 A - 3 scrolls of magic mapping
 C - a scroll of random uselessness {unknown}
 H - a scroll of blinking
 K - a scroll of immolation {unknown}
Potions
 d - 3 potions of might
 f - 2 potions of brilliance
 g - 2 potions of heal wounds
 i - 2 potions of curing {unknown}
 l - 4 potions of flight
 m - a potion of magic {unknown}
 u - 2 potions of mutation
 v - 3 potions of berserk rage
 w - 2 potions of attraction
 E - a potion of degeneration {unknown}
 I - a potion of cancellation {unknown}


   Skills:
 + Level 8.2 Fighting
 * Level 10.5 Axes
 + Level 8.2 Armour
 + Level 8.2 Shields


You had 8 spell levels left.
You didn't know any spells.
Your spell library contained the following spells:

 Spells                   Type           Power        Failure   Level
 Magic Dart               Conj           0%           95%         1
 Searing Ray              Conj           0%           99%         2
 Dazzling Flash           Conj/Hex       0%           100%        3
 Fulminant Prism          Conj/Hex       0%           100%        4
 Iskenderun's Mystic Bla  Conj/Tloc      0%           100%        4


Dungeon Overview and Level Annotations

Branches:
Dungeon (8/15)             Temple (0/1) D:7            Lair (0/6) D:8

Altars:
Cheibriados
Sif Muna

Annotations:
D:6 2 transporters


Innate Abilities, Weirdness & Mutations

You reflexively headbutt those who attack you in melee.
You have a pair of horns on your head.


Message History

* * * LOW HITPOINT WARNING * * *
The wyvern bites you!
* * * LOW HITPOINT WARNING * * *
The wight hits you but does no damage.
The wyvern bites you but does no damage.
The wight hits you but does no damage. The wight hits you with a +1 mace.
* * * LOW HITPOINT WARNING * * *
The wyvern barely misses you. The wyvern bites you!
* * * LOW HITPOINT WARNING * * *
The wight hits you but does no damage. The wight hits you with a +1 mace.
* * * LOW HITPOINT WARNING * * *
The wyvern bites you!
* * * LOW HITPOINT WARNING * * *
The wight hits you from afar with a +2 spear.
* * * LOW HITPOINT WARNING * * *
The wyvern bites you. The wight hits you but does no damage.
The wight barely misses you. The wyvern bites you.
You die...

..............
......>.....5
............
..........
#.......#
#..:....# #....h#
##
..###.ZZ#####.##
......Ysl@#....##.
##.....zzzl.......
###..............
.###.............#
##
..........##......
#.. .........#
##....
#.##.##....## ....
#....##..[## .#.
## #..#.....#


You could see an elephant, a basilisk, a wyvern, a scorpion, 3 wights, a killer
bee zombie and a centaur skeleton.

Vanquished Creatures
  The ghost of execc the Basher, a novice OpBe of Trog (D:6)
  Sigmund (D:3)
  A black bear (D:7)
  2 orc warriors
  2 ogres
  2 centaurs
  3 big kobolds (D:5)
  2 bullfrogs
  A scorpion (D:4)
  9 wights
  4 howler monkeys
  2 hounds (D:6)
  2 quasits (D:8)
  A centaur skeleton (D:4)
  An orc wizard (D:7)
  8 orc priests
  2 bullfrog skeletons
  Terence (D:2)
  7 worker ants
  Natasha (thrice) (D:4)
  A hound zombie (D:5)
  A hound skeleton (D:6)
  A worker ant zombie (D:5)
  A gnoll (D:5)
  8 adders
  2 white imps
  An ufetubus (D:6)
  2 oozes
  2 worms (D:3)
  3 dart slugs (D:1)
  A leopard gecko (D:6)
  25 orcs
  9 giant cockroaches
  10 hobgoblins
  5 jackals
  4 quokkas
  3 ball pythons
  11 bats
  4 frilled lizards
  3 goblins
  49 kobolds
  A quokka skeleton (D:4)
  7 rats
209 creatures vanquished.

Vanquished Creatures (others)
  A plant (D:3)
1 creature vanquished.

Grand Total: 210 creatures vanquished

Notes
Turn   | Place    | Note
-------+----------+-------------------------------------------
     0 | D:1      | RedRedRas the Minotaur Fighter began the quest for the Orb.
     0 | D:1      | Reached XP level 1. HP: 19/19 MP: 0/0
   242 | D:1      | Reached XP level 2. HP: 24/27 MP: 1/1
   398 | D:1      | Reached skill level 3 in Axes
   982 | D:2      | Reached XP level 3. HP: 33/33 MP: 2/2
  1206 | D:2      | Reached XP level 4. HP: 24/40 MP: 3/3
  1207 | D:2      | Reached skill level 4 in Axes
  1383 | D:2      | Found a shimmering blue altar of Sif Muna.
  1490 | D:3      | Noticed Terence
  1715 | D:2      | Killed Terence
  1716 | D:2      | Reached XP level 5. HP: 44/47 MP: 4/4
  2040 | D:3      | Noticed Sigmund
  2046 | D:3      | Killed Sigmund
  2047 | D:3      | Reached skill level 5 in Fighting
  2047 | D:3      | Reached skill level 5 in Axes
  2047 | D:3      | Reached skill level 5 in Armour
  2047 | D:3      | Reached skill level 5 in Shields
  2047 | D:3      | Reached XP level 6. HP: 38/56 MP: 5/5
  2543 | D:4      | Found a snail-covered altar of Cheibriados.
  2803 | D:4      | Reached skill level 6 in Axes
  2886 | D:4      | Reached XP level 7. HP: 57/61 MP: 4/6
  3335 | D:4      | Noticed Natasha
  3340 | D:4      | Killed Natasha
  3470 | D:4      | Noticed Natasha
  3477 | D:4      | Killed Natasha
  3533 | D:4      | Noticed Natasha
  3538 | D:4      | Killed Natasha
  3560 | D:5      | Entered Level 5 of the Dungeon
  3583 | D:5      | Reached skill level 7 in Axes
  4651 | D:5      | Reached XP level 8. HP: 70/70 MP: 7/7
  5284 | D:6      | Found a transporter.
  5286 | D:6      | Noticed a kobold demonologist
  5489 | D:6      | Reached skill level 8 in Axes
  5556 | D:6      | Found a transporter.
  5562 | D:6      | Found a runed translucent door.
  5563 | D:6      | Noticed execc's ghost (novice OpBe)
  5600 | D:6      | Killed execc's ghost
  5601 | D:6      | Reached skill level 9 in Axes
  5869 | D:6      | Reached XP level 9. HP: 63/79 MP: 5/8
  6730 | D:7      | Found a staircase to the Ecumenical Temple.
  6778 | D:7      | Reached skill level 10 in Axes
  7697 | D:8      | Found a staircase to the Lair.
  7698 | D:8      | Noticed an elephant
  7716 | D:8      | HP: 3/81 [wyvern (5)]
  7717 | D:8      | Slain by a wyvern

Illustrated notes

Levels and vault maps discovered:
D:1:      dpeg_arrival_castle, layout_basic, serial_curves, eino_curves_01,
          eino_curves_04
D:2:      layout_rooms, led_sif_pool
D:3:      layout_basic, minmay_tree_intersection, lexackson_kobold_supper,
          uniq_terence, uniq_sigmund
D:4:      layout_basic, lemuel_crystal_altar, uniq_natasha
D:5:      minmay_goblin_kobold_castle, layout_gridville
D:6:      gammafunk_wand_slinger, layout_loops_cross, gammafunk_ghost_grave
D:7:      layout_loops_ring, minmay_temple_entry_glass,
          chequers_serial_rivers_micro_a
D:8:      layout_cave_pools, david_lair_generic, serial_rivers,
          chequers_serial_rivers_marsh, chequers_serial_rivers_room_b,
          chequers_serial_rivers_room_b, chequers_serial_rivers_large_b,
          chequers_serial_rivers_room_a, chequers_serial_rivers_micro_a,
          basic_altar

Skill      XL: |  1  2  3  4  5  6  7  8  9 |
---------------+----------------------------+-----
Axes           | 3 4 5 6 7 9 10 | 10.5
Fighting       | 4 5 6 7 8 |  8.2
Armour         | 4 5 6 7 8 |  8.2
Shields        | 4 5 6 7 8 |  8.2

Action                   |  1- 3 |  4- 6 |  7- 9 || total
-------------------------+-------+-------+-------++-------
Melee: War axe           |    75 |    76 |   366 ||   517
       Headbutt          |     7 |    12 |    61 ||    80
       Unarmed           |       |     3 |       ||     3
Throw: Dart              |       |     2 |       ||     2
  Use: Potion            |     1 |       |       ||     1
       Scroll            |       |     2 |    11 ||    13
Armor: Scale mail        |    44 |    22 |   120 ||   186
Dodge: Dodged            |    31 |    25 |    96 ||   152
Block: Kite shield       |    47 |    37 |   215 ||   299
